| TOP OF THE 1ST |
|
Orem Owlz batting - Pitching for Greeneville Astros : LHP Jim Leeman
|
|
Pitching: LHP Jim Leeman
|
|
|
Batting: RHB Daniel Molina
|
0-0: Called Strike 0-1: Ball 1-1: Reached on error, E6 (Groundball, 6, EV 86.2 MPH)
|
|
Batting: RHB Kyle Gray
|
0-0: Ball 1-0: Ball 2-0: Ball 3-0: Base on Balls Daniel Molina to second
|
|
Batting: RHB Aaron Bryant
|
0-0: Foul Ball, location: 2F 0-1: DOUBLE (Line Drive, 9LS, EV 106.2 MPH) Daniel Molina scores Kyle Gray to third
|
|
Batting: LHB Ramon Garduno
|
0-0: Called Strike 0-1: Swinging Strike 0-2: Ball 1-2: Strikes out swinging
|
|
Batting: RHB Fred Saxton
|
0-0: Called Strike 0-1: Ball 1-1: Ball 2-1: Swinging Strike 2-2: Strikes out swinging
|
|
Batting: LHB Bill Girton
|
0-0: Ball 1-0: Ground out 3-1 (Groundball, 34, EV 104.4 MPH)
|
| Top of the 1st over - 1 run, 1 hit, 1 error, 2 left on base; Orem 1 - Greeneville 0 |
| BOTTOM OF THE 1ST |
|
Greeneville Astros batting - Pitching for Orem Owlz : RHP Lense Heus
|
|
Pitching: RHP Lense Heus
|
|
|
Batting: RHB Jarno van Lente
|
0-0: Called Strike 0-1: Ball 1-1: Foul Ball, location: 2F 1-2: Foul Ball, location: 2F 1-2: Foul Ball, location: 2F 1-2: Ball 2-2: Strikes out looking
|
|
Batting: RHB Keith Goodwin
|
0-0: Called Strike 0-1: Called Strike 0-2: Foul Ball, location: 2F 0-2: Fly out, F4 (Line Drive, 4M, EV 75.0 MPH)
|
|
Batting: RHB Hugo Priego
|
0-0: Foul Ball, location: 2F 0-1: Swinging Strike 0-2: Strikes out looking
|
| Bottom of the 1st over - 0 runs, 0 hits, 0 errors, 0 left on base; Orem 1 - Greeneville 0 |
| TOP OF THE 2ND |
|
Orem Owlz batting - Pitching for Greeneville Astros : LHP Jim Leeman
|
|
Batting: SHB Yuya Hirata
|
0-0: Called Strike 0-1: Swinging Strike 0-2: Foul Ball, location: 2F 0-2: Ball 1-2: Foul Ball, location: 2F 1-2: Foul Ball, location: 2F 1-2: Strikes out looking
|
|
Batting: RHB Jesse Sargent
|
0-0: Ball 1-0: Ball 2-0: Foul Ball, location: 2F 2-1: Foul Ball, location: 2F 2-2: Strikes out swinging
|
|
Batting: SHB Marty Kuehn
|
0-0: Foul Ball, location: 2F 0-1: Swinging Strike 0-2: Ball 1-2: Ball 2-2: Fly out, F5 (Popup, 5SF, EV 81.9 MPH)
|
| Top of the 2nd over - 0 runs, 0 hits, 0 errors, 0 left on base; Orem 1 - Greeneville 0 |
| BOTTOM OF THE 2ND |
|
Greeneville Astros batting - Pitching for Orem Owlz : RHP Lense Heus
|
|
Batting: RHB Roger Pelley
|
0-0: Ball 1-0: Called Strike 1-1: Called Strike 1-2: Foul Ball, location: 2F 1-2: Ground out 6-3 (Groundball, 6, EV 83.8 MPH)
|
|
Batting: LHB Ryan Fridley
|
0-0: Fly out, F8 (Flyball, 8LM, EV 96.9 MPH)
|
|
Batting: LHB Guadalupe Gonzalez
|
0-0: Ball 1-0: Ball 2-0: Bunt missed! 2-1: Swinging Strike 2-2: Fly out, F8 (Flyball, 8RD, EV 81.2 MPH)
|
| Bottom of the 2nd over - 0 runs, 0 hits, 0 errors, 0 left on base; Orem 1 - Greeneville 0 |
| TOP OF THE 3RD |
|
Orem Owlz batting - Pitching for Greeneville Astros : LHP Jim Leeman
|
|
Batting: RHB Daniel Molina
|
0-0: Called Strike 0-1: SOLO HOME RUN (Flyball, 7D, EV 97.5 MPH), Distance : 377 ft
|
|
Batting: RHB Kyle Gray
|
0-0: Called Strike 0-1: Ball 1-1: SINGLE (Groundball, 56D, EV 102.5 MPH)
|
|
Batting: RHB Aaron Bryant
|
0-0: Fly out, F3 (Popup, 3SF, EV 72.5 MPH)
|
|
Batting: LHB Ramon Garduno
|
0-0: Called Strike 0-1: Called Strike 0-2: Ball 1-2: Fly out, F7 (Flyball, 78M, EV 86.9 MPH)
|
|
Batting: RHB Fred Saxton
|
0-0: Called Strike 0-1: Foul Ball, location: 2F 0-2: Ball 1-2: Fly out, F7 (Flyball, 7LMF, EV 88.1 MPH)
|
| Top of the 3rd over - 1 run, 2 hits, 0 errors, 1 left on base; Orem 2 - Greeneville 0 |
| BOTTOM OF THE 3RD |
|
Greeneville Astros batting - Pitching for Orem Owlz : RHP Lense Heus
|
|
Batting: RHB Domingas Saragoa
|
0-0: Ball 1-0: Called Strike 1-1: Called Strike 1-2: Foul Ball, location: 2F 1-2: Strikes out swinging
|
|
Batting: RHB Devon Healy
|
0-0: Ball 1-0: Ball 2-0: Foul Ball, location: 2F 2-1: Ball 3-1: Base on Balls
|
|
Batting: LHB Gong Tow
|
0-0: Ball 1-0: Ball 2-0: Ball 3-0: Called Strike 3-1: Called Strike 3-2: Foul Ball, location: 2F 3-2: Base on Balls Devon Healy to second
|
|
Batting: RHB Jarno van Lente
|
0-0: Called Strike 0-1: Ball 1-1: Ball 2-1: Fielders Choice at 2nd, 3-6 (Groundball, 13, EV 86.9 MPH) Devon Healy to third
|
|
Batting: RHB Keith Goodwin
|
0-0: Ball 1-0: Ball 2-0: Foul Ball, location: 2F 2-1: Ball 3-1: Base on Balls Jarno van Lente to second
|
|
Batting: RHB Hugo Priego
|
0-0: Ball 1-0: Foul Ball, location: 2F 1-1: Ball 2-1: Foul Ball, location: 2F 2-2: Strikes out swinging
|
| Bottom of the 3rd over - 0 runs, 0 hits, 0 errors, 3 left on base; Orem 2 - Greeneville 0 |
| TOP OF THE 4TH |
|
Orem Owlz batting - Pitching for Greeneville Astros : LHP Jim Leeman
|
|
Batting: LHB Bill Girton
|
0-0: Ball 1-0: Called Strike 1-1: Ball 2-1: Fly out, F8 (Flyball, 8RXD, EV 96.2 MPH)
|
|
Batting: SHB Yuya Hirata
|
0-0: Foul Ball, location: 2F 0-1: Foul Ball, location: 2F 0-2: Ball 1-2: Strikes out swinging
|
|
Batting: RHB Jesse Sargent
|
0-0: Ball 1-0: Foul Ball, location: 2F 1-1: Ball 2-1: Fly out, F8 (Flyball, 8RM, EV 87.5 MPH)
|
| Top of the 4th over - 0 runs, 0 hits, 0 errors, 0 left on base; Orem 2 - Greeneville 0 |
| BOTTOM OF THE 4TH |
|
Greeneville Astros batting - Pitching for Orem Owlz : RHP Lense Heus
|
|
Batting: RHB Roger Pelley
|
0-0: Ball 1-0: Foul Ball, location: 2F 1-1: Foul Ball, location: 2F 1-2: Ground out 5-3 (Groundball, 56, EV 99.4 MPH)
|
|
Batting: LHB Ryan Fridley
|
0-0: Ground out 4-3 (Groundball, 4, EV 105.0 MPH)
|
|
Batting: LHB Guadalupe Gonzalez
|
0-0: Ground out 4-3 (Groundball, 4, EV 84.4 MPH)
|
| Bottom of the 4th over - 0 runs, 0 hits, 0 errors, 0 left on base; Orem 2 - Greeneville 0 |
| TOP OF THE 5TH |
|
Orem Owlz batting - Pitching for Greeneville Astros : LHP Jim Leeman
|
|
Batting: SHB Marty Kuehn
|
0-0: Called Strike 0-1: Ball 1-1: Called Strike 1-2: SINGLE (Groundball, 6D, EV 99.4 MPH)
|
|
Batting: RHB Daniel Molina
|
0-0: Ball 1-0: Ball 2-0: Swinging Strike 2-1: Ball 3-1: Called Strike 3-2: Foul Ball, location: 2F 3-2: Base on Balls Marty Kuehn to second
|
|
Batting: RHB Kyle Gray
|
0-0: Ball 1-0: Ball 2-0: Ball 3-0: Base on Balls Marty Kuehn to third Daniel Molina to second
|
|
Batting: RHB Aaron Bryant
|
0-0: Swinging Strike 0-1: Foul Ball, location: 2F 0-2: Ball 1-2: Ball 2-2: Fly out, F8 (Flyball, 8RD, EV 103.1 MPH) Runner from 3rd tags up, SCORES, throw by CF
|
|
Batting: LHB Ramon Garduno
|
0-0: Ball 1-0: Swinging Strike 1-1: Called Strike Daniel Molina is caught stealing 3rd base 2-5 1-2: Ball 2-2: Foul Ball, location: 2F 2-2: Strikes out swinging
|
| Top of the 5th over - 1 run, 1 hit, 0 errors, 1 left on base; Orem 3 - Greeneville 0 |
| BOTTOM OF THE 5TH |
|
Greeneville Astros batting - Pitching for Orem Owlz : RHP Lense Heus
|
|
Batting: RHB Domingas Saragoa
|
0-0: Ball 1-0: Called Strike 1-1: Ball 2-1: Called Strike 2-2: Ball 3-2: SINGLE (Groundball, 56D, EV 97.5 MPH)
|
|
Batting: RHB Devon Healy
|
0-0: Called Strike 0-1: Ball 1-1: Ball 2-1: Called Strike 2-2: Ball 3-2: Foul Ball, location: 2F 3-2: Foul Ball, location: 2F 3-2: Base on Balls Domingas Saragoa to second
|
|
Batting: LHB Gong Tow
|
0-0: Swinging Strike 0-1: Foul Ball, location: 2F 0-2: Ball 1-2: Strikes out swinging
|
|
Pitching: RHP Arnold Frye
|
|
|
Batting: RHB Jarno van Lente
|
0-0: Called Strike 0-1: Fly out, F7 (Flyball, 78D, EV 100.6 MPH)
|
|
Batting: RHB Keith Goodwin
|
0-0: Ground out U3 (Groundball, 34, EV 91.2 MPH)
|
| Bottom of the 5th over - 0 runs, 1 hit, 0 errors, 2 left on base; Orem 3 - Greeneville 0 |
| TOP OF THE 6TH |
|
Orem Owlz batting - Pitching for Greeneville Astros : LHP Jim Leeman
|
|
Batting: RHB Fred Saxton
|
0-0: Ball 1-0: Foul Ball, location: 2F 1-1: Ball 2-1: Ball 3-1: Foul Ball, location: 2F 3-2: Base on Balls
|
|
Batting: LHB Bill Girton
|
0-0: Ball Wild Pitch! Fred Saxton to second 1-0: Swinging Strike 1-1: Ball 2-1: Ball 3-1: Base on Balls
|
|
Pitching: RHP Marty Jackson
|
|
|
Batting: SHB Yuya Hirata
|
0-0: Called Strike 0-1: Swinging Strike 0-2: Ball 1-2: Foul Ball, location: 2F 1-2: Strikes out looking
|
|
Batting: RHB Jesse Sargent
|
0-0: Ball Fred Saxton steals 3rd base Bill Girton to second 1-0: Ball 2-0: Ground out 4-3 (Groundball, 4, EV 100.0 MPH)
|
|
Batting: SHB Marty Kuehn
|
0-0: Ball 1-0: Ball 2-0: Called Strike 2-1: Ball 3-1: Base on Balls
|
|
Batting: RHB Daniel Molina
|
0-0: Foul Ball, location: 2F 0-1: Called Strike 0-2: SINGLE (Groundball, 4MS, EV 98.8 MPH) Fred Saxton scores Bill Girton to third Marty Kuehn to second Runner from 3rd tries for Home, SAFE, throw by CF to home
|
|
Batting: RHB Kyle Gray
|
0-0: Called Strike 0-1: Ball 1-1: Foul Ball, location: 2F 1-2: Ball 2-2: SINGLE (Line Drive, 9S, EV 103.1 MPH) Marty Kuehn to third Daniel Molina to second
|
|
Batting: RHB Aaron Bryant
|
0-0: Ball 1-0: Ground out U3 (Groundball, 3S, EV 77.5 MPH)
|
| Top of the 6th over - 2 runs, 2 hits, 0 errors, 3 left on base; Orem 5 - Greeneville 0 |
| BOTTOM OF THE 6TH |
|
Greeneville Astros batting - Pitching for Orem Owlz : RHP Arnold Frye
|
|
Batting: RHB Hugo Priego
|
0-0: Ball 1-0: Foul Ball, location: 2F 1-1: Ball 2-1: Foul Ball, location: 2F 2-2: Ball 3-2: Foul Ball, location: 2F 3-2: Strikes out looking
|
|
Batting: RHB Roger Pelley
|
0-0: Ball 1-0: Called Strike 1-1: Ball 2-1: Ball 3-1: Called Strike 3-2: Reached on error, E4 (Groundball, 4M, EV 85.6 MPH)
|
|
Batting: LHB Ryan Fridley
|
0-0: Called Strike 0-1: Fly out, F9 (Flyball, 9S, EV 84.4 MPH)
|
|
Batting: LHB Guadalupe Gonzalez
|
0-0: Foul Ball, location: 2F 0-1: Ball 1-1: Ball 2-1: Ball 3-1: Ground out 6-3 (Groundball, P, EV 83.8 MPH)
|
| Bottom of the 6th over - 0 runs, 0 hits, 1 error, 1 left on base; Orem 5 - Greeneville 0 |
| TOP OF THE 7TH |
|
Orem Owlz batting - Pitching for Greeneville Astros : RHP Marty Jackson
|
|
Batting: LHB Ramon Garduno
|
0-0: Ground out U3 (Groundball, 3, EV 104.4 MPH)
|
|
Batting: RHB Fred Saxton
|
0-0: Ball 1-0: Ball 2-0: Ball 3-0: Called Strike 3-1: Foul Ball, location: 2F 3-2: Foul Ball, location: 2F 3-2: Ground out 5-3 (Groundball, 56S, EV 78.8 MPH)
|
|
Pitching: RHP Kuaika Anakala
|
|
|
Batting: LHB Bill Girton
|
0-0: Called Strike 0-1: Ball 1-1: Ball 2-1: Ball 3-1: Base on Balls
|
|
Batting: SHB Yuya Hirata
|
0-0: Ball 1-0: Ball 2-0: Ball 3-0: Called Strike 3-1: Base on Balls Bill Girton to second
|
|
Batting: RHB Jesse Sargent
|
0-0: Foul Ball, location: 2F 0-1: Foul Ball, location: 2F 0-2: Fielders Choice at 2nd, 5-4 (Groundball, 56, EV 105.0 MPH)
|
| Top of the 7th over - 0 runs, 0 hits, 0 errors, 2 left on base; Orem 5 - Greeneville 0 |
| BOTTOM OF THE 7TH |
|
Greeneville Astros batting - Pitching for Orem Owlz : RHP Arnold Frye
|
|
Batting: RHB Domingas Saragoa
|
0-0: Called Strike 0-1: Ground out 4-3 (Groundball, 4M, EV 84.4 MPH)
|
|
Batting: RHB Devon Healy
|
0-0: Called Strike 0-1: Ball 1-1: Ball 2-1: Called Strike 2-2: Foul Ball, location: 2F 2-2: Strikes out swinging
|
|
Pitching: RHP Nick Kempson
|
|
|
Batting: LHB Gong Tow
|
0-0: Ball 1-0: Foul Ball, location: 2F 1-1: Ball 2-1: Foul Ball, location: 2F 2-2: Ball 3-2: Foul Ball, location: 2F 3-2: Strikes out swinging
|
| Bottom of the 7th over - 0 runs, 0 hits, 0 errors, 0 left on base; Orem 5 - Greeneville 0 |
| TOP OF THE 8TH |
|
Orem Owlz batting - Pitching for Greeneville Astros : RHP Kuaika Anakala
|
|
Batting: SHB Marty Kuehn
|
0-0: Called Strike 0-1: Called Strike 0-2: SINGLE (Groundball, 3D, EV 95.0 MPH)
|
|
Batting: RHB Daniel Molina
|
0-0: Swinging Strike 0-1: Hit by Pitch Marty Kuehn to second
|
|
Pitching: LHP Jeremy Mellott
|
|
|
Batting: RHB Kyle Gray
|
0-0: Ball 1-0: Foul Ball, location: 2F 1-1: Ball 2-1: Ball 3-1: Foul Ball, location: 2F 3-2: Foul Ball, location: 2F 3-2: Strikes out looking
|
|
Batting: RHB Aaron Bryant
|
0-0: Called Strike 0-1: Grounds into double play, 6-4-3 (Groundball, 6, EV 86.9 MPH)
|
| Top of the 8th over - 0 runs, 1 hit, 0 errors, 1 left on base; Orem 5 - Greeneville 0 |
| BOTTOM OF THE 8TH |
|
Greeneville Astros batting - Pitching for Orem Owlz : RHP Nick Kempson
|
|
Batting: RHB Jarno van Lente
|
0-0: Called Strike 0-1: Foul Ball, location: 2F 0-2: Ball 1-2: Strikes out swinging
|
|
Batting: RHB Keith Goodwin
|
0-0: Swinging Strike 0-1: Called Strike 0-2: Ball 1-2: Fly out, F6 (Line Drive, 6, EV 70.6 MPH)
|
|
Batting: RHB Hugo Priego
|
0-0: Ball 1-0: Ball 2-0: Fly out, F8 (Flyball, 8RXD, EV 85.0 MPH)
|
| Bottom of the 8th over - 0 runs, 0 hits, 0 errors, 0 left on base; Orem 5 - Greeneville 0 |
| TOP OF THE 9TH |
|
Orem Owlz batting - Pitching for Greeneville Astros : LHP Jeremy Mellott
|
|
Batting: LHB Ramon Garduno
|
0-0: Ball 1-0: Ball 2-0: Ball 3-0: Called Strike 3-1: Base on Balls
|
|
Batting: RHB Fred Saxton
|
0-0: Ball 1-0: Ball 2-0: Called Strike 2-1: Fly out, F7 (Flyball, 78D, EV 88.8 MPH)
|
|
Batting: LHB Bill Girton
|
0-0: Called Strike 0-1: Fly out, F8 (Flyball, 8RD, EV 88.8 MPH)
|
|
Batting: SHB Yuya Hirata
|
0-0: Ball 1-0: Foul Ball, location: 2F 1-1: Ball 2-1: Ball 3-1: Fielders Choice at 2nd, 5-4 (Groundball, 56, EV 91.9 MPH)
|
| Top of the 9th over - 0 runs, 0 hits, 0 errors, 1 left on base; Orem 5 - Greeneville 0 |
| BOTTOM OF THE 9TH |
|
Greeneville Astros batting - Pitching for Orem Owlz : RHP Nick Kempson
|
|
Batting: RHB Roger Pelley
|
0-0: Swinging Strike 0-1: Ball 1-1: Foul Ball, location: 2F 1-2: Foul Ball, location: 2F 1-2: Ball 2-2: DOUBLE (Line Drive, 89D, EV 111.9 MPH)
|
|
Pitching: RHP Hector Agudelo
|
|
|
Batting: LHB Ryan Fridley
|
0-0: Foul Ball, location: 2F 0-1: Swinging Strike 0-2: Strikes out swinging
|
|
Pinch Hitting: RHB Yoshitoshi Mori
|
0-0: Ball 1-0: Fly out, F8 (Flyball, 8LD, EV 101.2 MPH)
|
|
Batting: RHB Domingas Saragoa
|
0-0: Ball 1-0: Ball 2-0: DOUBLE (Line Drive, 9LS, EV 115.0 MPH) Roger Pelley scores
|
|
Batting: RHB Devon Healy
|
0-0: Ball 1-0: Ball 2-0: Foul Ball, location: 2F 2-1: Foul Ball, location: 2F 2-2: Foul Ball, location: 2F 2-2: Strikes out looking
|
| Bottom of the 9th over - 1 run, 2 hits, 0 errors, 1 left on base; Orem 5 - Greeneville 1 |
|